 Dungeon Crawl Stone Soup version 0.29.1-2-gbd0b4ee654 (webtiles) character file.

Game seed: 2011480649421967985

39 mortz the Trooper (level 3, -1/24 HPs)
             Began as a Gargoyle Monk on Nov 3, 2022.
             Slain by a gnoll
             ... wielding a +0 whip
             ... led by a gnoll bouda
              (4 damage)
             ... on level 3 of the Dungeon.
             The game lasted 00:07:10 (1622 turns).

mortz the Trooper (Gargoyle Monk)                   Turns: 1622, Time: 00:07:11

Health: -1/24      AC:  8    Str: 16    XL:     3   Next: 45%
Magic:  3/3        EV: 11    Int: 10    God:
Gold:   120        SH:  0    Dex: 12    Spells: 2/2 levels left

rFire   . . .      SeeInvis .   a - +0 mace
rCold   . . .      Faith    .   (no shield)
rNeg    + . .      Spirit   .   g - +0 ring mail
rPois   ∞          Reflect  .   (no helmet)
rElec   +          Harm     .   (no cloak)
rCorr   .          Rampage  .   (no gloves)
Will    .....                   (no boots)
Stlth   +.........              (no amulet)
HPRegen 0.08/turn               (no ring)
MPRegen 0.08/turn               (no ring)

@: no status effects
A: sickness immunity, AC +3, negative energy resistance 1, electricity
resistance, torment resistance 1, petrification resistance
a: no special abilities


You were on level 3 of the Dungeon.
You visited 1 branch of the dungeon, and saw 4 of its levels.

You collected 142 gold pieces.
You spent 22 gold pieces at shops.

Inventory:

Hand Weapons
 a - a +0 mace (weapon)
Missiles
 d - 5 poisoned darts (quivered)
Armour
 g - a +0 ring mail (worn)
Scrolls
 f - a scroll of fear {unknown}
 h - a scroll of identify {unknown}
 i - 2 scrolls of enchant armour {unknown}
 j - a scroll of teleportation {unknown}
Potions
 b - 2 potions of curing {unknown}
 c - a potion of ambrosia
 e - a potion of brilliance {unknown}


   Skills:
 + Level 3.9 Fighting
 + Level 3.5 Maces & Flails
 + Level 0.5 Armour
 + Level 2.6 Dodging
 + Level 2.3 Stealth


You had 2 spell levels left.
You didn't know any spells.
Your spell library contained the following spells:

 Spells                   Type           Power      Damage    Failure   Level
 Ozocubu's Armour         Ice            0%         N/A       91%         3
 Metabolic Englaciation   Hex/Ice        0%         N/A       100%        5
 Simulacrum               Ice/Necr       0%         N/A       100%        6


Dungeon Overview and Level Annotations

Branches:
Dungeon (4/15) Zot: 22347
 Temple: D:4-7

Altars:

Shops:
D:1 ([(   D:4 =


Innate Abilities, Weirdness & Mutations

You are immune to sickness and miasma.
Your stone body is resilient. (AC +3)
You are immune to poison.
You resist negative energy. (rN+)
You are resistant to electric shocks. (rElec)
You are resistant to unholy torment.
You are immune to petrification.


Message History

Found 12 gold pieces.
Found a stone staircase leading down.
There is a stone staircase leading down here.
The gnoll shouts!
You hear a shout!
The gnoll bouda barks out a call to the hunt!
The gnolls pick up the pace!
You climb downwards.
There is a stone staircase leading up here.
You barely miss the gnoll. The gnoll hits you with a +0 whip.
You barely miss the gnoll. The gnoll hits you with a +0 whip.
You hit the gnoll.
The gnoll is heavily wounded.
The gnoll completely misses you. The gnoll hits you with a +0 whip.
You barely miss the gnoll.
The gnoll is heavily wounded.
The gnoll closely misses you.
You barely miss the gnoll.
The gnoll is heavily wounded.
You closely miss the gnoll.
The gnoll is heavily wounded.
The gnoll hits you with a +0 whip.
You closely miss the gnoll.
The gnoll is heavily wounded.
The gnoll completely misses you. The gnoll hits you with a +0 whip.
You hit the gnoll.
The gnoll is heavily wounded.
You hit the gnoll.
The gnoll is severely wounded.
The gnoll is no longer moving quickly.
The gnoll hits you with a +0 whip.
* * * LOW HITPOINT WARNING * * *
You hit the gnoll but do no damage.
The gnoll is severely wounded.
The gnoll barely misses you.
You hit the gnoll.
The gnoll is almost dead.
The gnoll hits you with a +0 whip.
* * * LOW HITPOINT WARNING * * *
You completely miss the gnoll.
The gnoll is almost dead.
The gnoll hits you with a +0 whip.
You die... #.##.# ♣ P.P

♣♣..##.
#.##.##.#♣P.♣.
♣♣....
#.......#♣P.♣♣
♣##.#
####.###♣P..♣
.#
####.##♣♣..♣ #
#......P♣.P♣
#.##.#.♣..♣ #
#.#...♣♣#
#.@g....#
###.###... .#
# ##


You could see a gnoll.

Vanquished Creatures
  A dart slug (D:2)
  4 endoplasms
  A giant cockroach (D:2)
  5 goblins
  7 kobolds
  4 ball pythons
  4 bats (D:1)
  A frilled lizard (D:1)
  8 rats
35 creatures vanquished.

Vanquished Creatures (others)
  A plant (D:3)
1 creature vanquished.

Grand Total: 36 creatures vanquished

Notes
Turn   | Place    | Note
-------+----------+-------------------------------------------
     0 | D:1      | mortz the Gargoyle Monk began the quest for the Orb.
     0 | D:1      | Reached XP level 1. HP: 14/14 MP: 1/1
   247 | D:1      | Found Parul's Weapon Boutique.
   255 | D:1      | Bought 5 poisoned darts for 22 gold pieces
   515 | D:1      | Reached XP level 2. HP: 8/19 MP: 2/2
   754 | D:1      | Found Weluceh's Antique Armour Emporium.
   797 | D:1      | Found Koleipym's Weapon Boutique.
   843 | D:1      | Found a faded altar of an unknown god.
  1396 | D:2      | Reached XP level 3. HP: 24/24 MP: 3/3
  1479 | D:2      | You fall into a shaft and drop 2 floors!
  1479 | D:4      | Found Oddorpha's Jewellery Shoppe.
  1622 | D:3      | Slain by a gnoll

Illustrated notes

Levels and vault maps discovered:
D:1:      lemuel_arrival_funnel, layout_rooms,
          hellmonk_ecumenical_altar_zigzags, serial_shops, nicolae_shop_trees,
          shop, shop
D:2:      layout_rooms, minmay_misc_feat_nine_boxes, minmay_pentomino_s2
D:3:      layout_loops_cross, serial_forest, infiniplex_forest_lined_1,
          infiniplex_forest_lined_3_way, infiniplex_forest_clump_small,
          infiniplex_forest_lined_corner, infiniplex_forest_end_2,
          infiniplex_forest_clump_small, infiniplex_forest_clump_medium,
          infiniplex_forest_split, serial_shops,
          nicolae_shop_overgrown_old_shop, minmay_increasing_density
D:4:      layout_rooms, minmay_temple_entry_water_ring, serial_shops, shop,
          uniq_menkaure

Action                   || total
-------------------------++-------
Melee: Mace              ||   126
 Stab: Sleeping          ||     2
Armor: Robe              ||    16
       Ring mail         ||    28
Dodge: Dodged            ||    81
